 Dungeon Crawl Stone Soup version 0.27.1-15-g792fb953b9 (webtiles) character file.

Game seed: 17563713357020058701

441 croobank the Covered (level 7, -5/51 HPs)
             Began as a Barachi Artificer on Nov 18, 2021.
             Was a Believer of Sif Muna.
             Splashed by a jelly's acid (10 damage)
             ... on level 4 of the Dungeon.
             The game lasted 00:29:19 (4744 turns).

croobank the Covered (Barachi Artificer)            Turns: 4744, Time: 00:29:22

Health: -5/51      AC: -1    Str: 15    XL:     7   Next: 2%
Magic:  9/10       EV: 12    Int: 11    God:    Sif Muna [**....]
Gold:   128        SH:  0    Dex: 13    Spells: 6/10 levels left

rFire    . . .     SeeInvis .   w - +4 mace
rCold    . . .     Faith    .   (no shield)
rNeg     . . .     Spirit   .   (no armour)
rPois    .         Reflect  .   f - +0 helmet
rElec    .         Harm     .   (no cloak)
rCorr    .         Rampage  .   j - +0 pair of gloves
Will     .....                  (no boots)
Stlth    ++........             (no amulet)
HPRegen  0.17/turn              (no ring)
MPRegen  0.12/turn              (no ring)

@: corroded, slow
A: amphibious, slowness 1, strong legs 1, +LOS
a: Hop, Renounce Religion, Channel Magic


You were on level 4 of the Dungeon.
You worshipped Sif Muna.
Sif Muna was pleased with you.
You visited 1 branch of the dungeon, and saw 4 of its levels.

You collected 128 gold pieces.

Inventory:

Hand Weapons
 a - a +0 club
 h - a +0 dagger
 k - a +0 quarterstaff
 o - a +0 short sword
 w - a +4 mace (weapon)
Missiles
 g - 111 stones (quivered)
 l - 24 arrows
 n - 10 sling bullets
 r - 26 bolts
Armour
 b - a +0 leather armour
 f - a +0 helmet (worn)
 j - a +0 pair of gloves (worn)
 m - a +0 ring mail
 s - a +0 plate armour
 t - a +0 chain mail
Magical Staves
 p - a staff of cold
Wands
 d - a wand of charming (15)
 x - a wand of flame (19)
Scrolls
 y - a scroll of acquirement {unknown}
Potions
 c - 2 potions of attraction
 i - a potion of degeneration
 u - a potion of curing
 v - a potion of resistance {unknown}
 z - a potion of flight {unknown}
Miscellaneous
 e - a piece from Xom's chessboard (15/15)


   Skills:
 + Level 2.3 Fighting
 - Level 0.2 Short Blades
 * Level 3.2(3.8) Maces & Flails
 - Level 2.8(3.5) Staves
 + Level 4.0 Armour
 + Level 2.0 Dodging
 + Level 1.6 Stealth
 * Level 2.0 Spellcasting
 * Level 3.2 Ice Magic
 - Level 3.2 Evocations


You had 6 spell levels left.
You knew the following spells:

 Your Spells              Type           Power      Damage    Failure   Level
a - Foxfire               Conj/Fire      4%         2x1d4     28%         1
b - Frozen Ramparts       Ice            16%        1d3       24%         3

Your spell library contained the following spells:

 Spells                   Type           Power      Damage    Failure   Level
 Static Discharge         Conj/Air       1%         N/A       41%         2
 Conjure Flame            Conj/Fire      1%         6-21      65%         3
 Inner Flame              Hex/Fire       1%         N/A       65%         3
 Ice Form                 Ice/Tmut       4%         N/A       83%         4
 Summon Ice Beast         Ice/Summ       4%         N/A       83%         4
 Lightning Bolt           Conj/Air       0%         1d11      100%        5
 Maxwell's Capacitive Co  Air            0%         ∞         100%        8


Dungeon Overview and Level Annotations

Branches:
Dungeon (4/15)
 Temple: D:4-7

Altars:
Cheibriados
Gozag
Makhleb
Sif Muna

Annotations:
D:3 3 runed translucent doors, KittyFluff's ghost, amateur GrHu


Innate Abilities, Weirdness & Mutations

You are amphibious.
You cover ground slowly.
You can hop short distances.
You have an extended range of vision and can be seen from far away.


Message History

Okay, then.
Okay, then.
Casting: Foxfire (safe; 28% risk of failure)
Confirm with . or Enter, or press ? or * to list all spells.
You conjure some foxfire!
You feel sick. The adder bites you. x2
You are more poisoned.
The adder poisons you!
Your foxfire dissipates!
You feel sick.
Casting: Foxfire (safe; 28% risk of failure)
Confirm with . or Enter, or press ? or * to list all spells.
You miscast Foxfire.
You are very lightly contaminated with residual magic.
Nothing appears to happen.
You feel sick. The adder bites you but does no damage.
You feel sick. The adder closely misses you.
You feel sick. The adder bites you.
You are more poisoned.
The adder poisons you!
Okay, then.
You closely miss the adder.
You feel sick. The adder closely misses you.
You hit the adder.
The adder is heavily wounded.
You feel sick. The adder barely misses you. The adder closely misses you.
You hit the adder.
You kill the adder!
Sif Muna accepts your kill.
You feel sick.
Your magical contamination has completely faded away.
It was a potion of curing.
You feel better. The jelly hits you.
You are splashed with acid!
You completely miss the jelly. The jelly hits you.
You are splashed with acid.
* * * LOW HITPOINT WARNING * * *
You thump the jelly!
Your hands burn!
* * * LOW HITPOINT WARNING * * *
The jelly is heavily wounded.
The jelly hits you but does no damage. The jelly hits you.
* * * LOW HITPOINT WARNING * * *
The acid corrodes you!
You are splashed with acid!
You die...

.......(
###############.##
.....g..## #.#
.........# #.#
.........# #.#
#####.##.# #.# #?#
#.# #.# #>#
#.######### #.#
#.J@......# #.#
#########.########.#
#..................#
#.##..##....########
#.##........#
#.###.#.....# #.#
#.#.....# #.#
#....[..#
#########.#
####....#


You could see a jelly.

Vanquished Creatures
  A scorpion (D:4)
  A howler monkey (D:3)
  An orc priest (D:4)
  A bullfrog skeleton (D:4)
  Natasha (thrice) (D:2)
  An iguana (D:4)
  2 orc wizards (D:3)
  6 adders
  2 dart slugs
  9 orcs
  A ball python (D:3)
  5 endoplasms
  4 giant cockroaches
  9 hobgoblins
  2 jackals (D:1)
  7 kobolds
  A quokka (D:3)
  6 bats
  5 frilled lizards
  4 goblins
  5 rats
76 creatures vanquished.

Vanquished Creatures (others)
  3 plants (D:3)
3 creatures vanquished.

Grand Total: 79 creatures vanquished

Notes
Turn   | Place    | Note
-------+----------+-------------------------------------------
     0 | D:1      | croobank the Barachi Artificer began the quest for the Orb.
     0 | D:1      | Reached XP level 1. HP: 15/15 MP: 1/1
   300 | D:1      | Reached skill level 3 in Armour
   310 | D:1      | Reached XP level 2. HP: 10/21 MP: 2/2
  1148 | D:1      | Found a faded altar of an unknown god.
  1168 | D:1      | Became a worshipper of Sif Muna the Loreminder
  1168 | D:1      | Reached * piety under Sif Muna
  1285 | D:1      | Reached XP level 3. HP: 19/26 MP: 4/4
  1544 | D:1      | Reached skill level 1 in Ice Magic
  1927 | D:2      | Noticed Natasha
  1933 | D:2      | Killed Natasha
  1934 | D:2      | Reached skill level 1 in Staves
  1934 | D:2      | Reached skill level 1 in Spellcasting
  1942 | D:2      | Reached XP level 4. HP: 20/32 MP: 5/5
  1957 | D:2      | Learned a level 1 spell: Foxfire
  2571 | D:2      | Noticed Natasha
  2577 | D:2      | Killed Natasha
  2637 | D:2      | Noticed Natasha
  2641 | D:2      | Killed Natasha
  2642 | D:2      | Reached skill level 1 in Stealth
  2642 | D:2      | Reached XP level 5. HP: 33/38 MP: 5/7
  2747 | D:3      | Reached ** piety under Sif Muna
  3171 | D:3      | Found a snail-covered altar of Cheibriados.
  3382 | D:3      | Reached skill level 1 in Maces & Flails
  3440 | D:3      | Found a runed translucent gate.
  3440 | D:3      | Found an opulent altar of Gozag.
  3440 | D:3      | Found a runed translucent gate.
  3440 | D:3      | Noticed KittyFluff's ghost (amateur GrHu)
  3443 | D:3      | Found a runed translucent gate.
  3623 | D:3      | Found a shimmering blue altar of Sif Muna.
  3667 | D:3      | Reached XP level 6. HP: 31/44 MP: 8/8
  4605 | D:4      | Found a burning altar of Makhleb.
  4635 | D:4      | Reached skill level 4 in Armour
  4639 | D:4      | Learned a level 3 spell: Frozen Ramparts
  4729 | D:4      | Reached XP level 7. HP: 48/51 MP: 10/10
  4744 | D:4      | Splashed by a jelly's acid

Illustrated notes

Levels and vault maps discovered:
D:1:      scummos_arrival_star, layout_basic, chequers_ecumenical_altar_island
D:2:      layout_loops_ring, serial_glass, glass_columns_a, glass_columns_a,
          glass_columns_c, glass_columns_a, glass_columns_a, glass_columns_b,
          glass_columns_c, glass_columns_a, feat_on_display, uniq_natasha
D:3:      layout_loops_ring, kennysheep_orc_sif_temple, general_overflow_altar,
          ebering_ghost_gozag, chequers_big_river
D:4:      layout_basic, mainiacjoe_overflow_tiny_flanked

Skill      XL: |  1  2  3  4  5  6 |
---------------+-------------------+-----
Armour         | 3 4 |  4.0
Ice Magic      | 1 2 3 |  3.2
Staves         | 1 2 |  2.8
Spellcasting   | 1 2 |  2.0
Fighting       | 2 |  2.3
Stealth        | 1 |  1.6
Maces & Flails | 1 3 |  3.2
Dodging        | 2 |  2.0
Short Blades   | |  0.2
Evocations     | |  3.2

Action                   |  1- 3 |  4- 6 |  7- 9 || total
-------------------------+-------+-------+-------++-------
Melee: Club              |    26 |       |       ||    26
       Dagger            |    48 |       |       ||    48
       Quarterstaff      |    35 |    75 |       ||   110
       Mace              |       |   107 |     5 ||   112
Throw: Throwing net      |       |     1 |       ||     1
 Cast: Foxfire           |       |     1 |     1 ||     2
 Abil: Hop               |       |     1 |       ||     1
Evoke: Wand              |    10 |     5 |       ||    15
  Use: Scroll            |       |     4 |       ||     4
       Potion            |       |     3 |     1 ||     4
 Stab: Sleeping          |       |     1 |       ||     1
       Held in net/web   |       |     2 |       ||     2
Armor: Leather armour    |    33 |    15 |       ||    48
       Ring mail         |       |    59 |     1 ||    60
       Skin              |       |       |     2 ||     2
Dodge: Dodged            |    81 |   107 |     7 ||   195
